 Dungeon Crawl Stone Soup version 0.28-a0-1233-g92def6ad0a (webtiles) character file.

Game seed: 8854322966084554367

18052 ChaosChampion the Destroyer (level 11, -2/86 HPs)
             Began as a Demigod Conjurer on Dec 23, 2021.
             Slain by a slime creature (19 damage)
             ... on level 13 of the Dungeon.
             The game lasted 00:23:57 (17102 turns).

ChaosChampion the Destroyer (Demigod Conjurer)     Turns: 17102, Time: 00:23:58

Health: -2/86      AC:  6    Str:  8    XL:     11   Next: 98%
Magic:  16/37      EV: 13    Int: 38    God:
Gold:   214        SH:  0    Dex: 12    Spells: 13/28 levels left

rFire   . . .      SeeInvis .   i - staff of poison
rCold   . . .      Faith    .   (no shield)
rNeg    . . .      Spirit   .   S - +0 troll leather armour
rPois   +          Reflect  .   (no helmet)
rElec   .          Harm     .   E - +0 cloak
rCorr   .          Rampage  .   y - +0 pair of gloves
Will    +....      Clarity  +   (no boots)
Stlth   ++........              P - amulet of the acrobat
HPRegen 1.04/turn               L - +6 ring of intelligence
MPRegen 0.25/turn               z - ring of magical power

@: no status effects
A: high mp 1, forlorn, divine attributes, clarity, evolution 1
a: no special abilities


You were on level 13 of the Dungeon.
You visited 1 branch of the dungeon, and saw 13 of its levels.

You collected 670 gold pieces.
You spent 456 gold pieces at shops.

Inventory:

Missiles
 q - a throwing net
Armour
 a - a +0 robe
 y - a +0 pair of gloves (worn)
 E - a +0 cloak (worn)
 S - a +0 troll leather armour (worn)
Magical Staves
 i - a staff of poison (weapon)
Jewellery
 c - a ring of willpower
 o - a ring of fire
 r - a +4 ring of evasion
 t - a ring of wizardry
 z - a ring of magical power (right hand)
 G - a ring of protection from fire
 L - a +6 ring of intelligence (left hand)
 N - a ring of wizardry
 P - an amulet of the acrobat (around neck)
 T - a ring of magical power
Wands
 A - a wand of polymorph (8)
 B - a wand of mindburst (14)
 C - a wand of flame (22)
Scrolls
 b - a scroll of enchant weapon {unknown}
 e - 3 scrolls of silence {unknown}
 g - a scroll of fear {unknown}
 h - 3 scrolls of immolation {unknown}
 k - 4 scrolls of torment {unknown}
 m - 17 scrolls of identify {unknown}
 n - a scroll of summoning {unknown}
 p - 4 scrolls of magic mapping {unknown}
 s - a scroll of amnesia {unknown}
 w - 2 scrolls of blinking {unknown}
 D - 2 scrolls of noise {unknown}
 H - 3 scrolls of teleportation {unknown}
 I - a scroll of fog {unknown}
 J - a scroll of acquirement {unknown}
 K - a scroll of vulnerability {unknown}
Potions
 d - 8 potions of curing
 f - a potion of cancellation {unknown}
 j - a potion of flight {unknown}
 l - 4 potions of mutation
 u - 2 potions of might {unknown}
 v - 2 potions of heal wounds {unknown}
 x - a potion of berserk rage {unknown}
 F - 3 potions of lignification {unknown}
 M - a potion of invisibility {unknown}
 O - a potion of haste {unknown}
 Q - a potion of resistance {unknown}
 R - a potion of degeneration


   Skills:
 + Level 5.0 Fighting
 + Level 5.2 Dodging
 - Level 1.7 Stealth
 + Level 9.0 Spellcasting
 + Level 10.3 Conjurations
 + Level 8.9 Hexes
 - Level 3.0 Translocations
 - Level 5.0 Poison Magic


You had 13 spell levels left.
You knew the following spells:

 Your Spells              Type           Power      Damage    Failure   Level
a - Magic Dart            Conj           100%       1d8       1%          1
b - Searing Ray           Conj           100%       2d8       1%          2
c - Fulminant Prism       Conj/Hex       37%        3d18      1%          4
d - Iskenderun's Mystic   Conj/Tloc      61%        2d13      1%          4
e - Olgreb's Toxic Radia  Pois           70%        N/A       4%          4

Your spell library contained the following spells:

 Spells                   Type           Power      Damage    Failure   Level
 Apportation              Tloc           78%        N/A       1%          1
 Slow                     Hex            100%       N/A       1%          1
 Sting                    Tmut/Pois      100%       1d8       1%          1
 Poisonous Vapours        Pois/Air       100%       N/A       1%          2
 Confusing Touch          Hex            71%        N/A       1%          3
 Dazzling Flash           Conj/Hex       100%       N/A       1%          3
 Portal Projectile        Hex/Tloc       100%       N/A       1%          3
 Gell's Gravitas          Tloc           39%        N/A       2%          3
 Teleport Other           Tloc           39%        N/A       2%          3
 Corpse Rot               Necr/Air       34%        N/A       4%          2
 Sublimation of Blood     Necr           17%        N/A       4%          2
 Vampiric Draining        Necr           17%        2d7       10%         3
 Irradiate                Conj/Tmut      27%        3d23      11%         5
 Silence                  Hex/Air        25%        N/A       14%         5
 Petrify                  Tmut/Erth      17%        N/A       32%         4
 Alistair's Intoxication  Tmut/Pois      34%        N/A       32%         5
 Agony                    Necr           17%        N/A       65%         5
 Blade Hands              Tmut           8%         N/A       65%         5
 Excruciating Wounds      Necr           8%         N/A       65%         5
 Dispersal                Tloc           19%        N/A       82%         6


Dungeon Overview and Level Annotations

Branches:
Dungeon (13/15)            Temple (0/1) D:7            Lair (0/6) D:8
    Orc (0/2) D:9
 Vaults: D:13-14

Shops:
D:5 *   D:11 !


Innate Abilities, Weirdness & Mutations

You have an increased reservoir of magic. (+10% MP)
You shall have no god before yourself.
Your divine heritage dramatically boosts your attributes as you level up.
You possess an exceptional clarity of mind.
You have hidden genetic potential.


Message History

The centaur shoots an arrow.
The arrow barely misses you.
The centaur shoots an arrow.
The arrow hits you.
Casting: Iskenderun's Mystic Blast (dangerous; 1% risk of failure)
Confirm with . or Enter, or press ? or * to list all spells.
Aiming: Fulminant Prism (mildly dangerous; 1% risk of failure)
Press: ? - help, Dir - move target You conjure a prism of explosive energy!
A fulminant prism comes into view.
A centaur warrior comes into view.
You hear a loud crackle.
You hear an explosion!
You feel a bit more experienced.
You hear a shout!
Your Fighting skill increases to level 5!
There is a stone staircase leading up here.
You start resting.
The centaur warrior wields a +0 shortbow.
The centaur warrior shoots an arrow.
The arrow barely misses you.
Casting: Fulminant Prism (mildly dangerous; 1% risk of failure)
Confirm with . or Enter, or press ? or * to list all spells.
Aiming: Fulminant Prism (mildly dangerous; 1% risk of failure)
Press: ? - help, Dir - move target You conjure a prism of explosive energy!
A fulminant prism comes into view.
The centaur warrior shoots an arrow.
The arrow hits you!
Casting: Fulminant Prism (mildly dangerous; 1% risk of failure)
Confirm with . or Enter, or press ? or * to list all spells.
Aiming: Searing Ray (safe; 1% risk of failure)
Press: ? - help, Shift-Dir - straight line, f - centaur warrior
Aim: a centaur warrior, wielding a +0 shortbow and quivering arrows (ally target, 87% to hit)
The searing ray hits the centaur warrior.
The centaur warrior is lightly wounded. (Press . to maintain the ray.)
The centaur warrior shoots an arrow.
The arrow hits you!
A slime creature comes into view.
The centaur warrior shoots an arrow.
The arrow hits you!
Your fulminant prism crackles loudly.
The centaur warrior shoots an arrow.
The arrow hits you!!
* * * LOW HITPOINT WARNING * * *
The slime creature hits you!!
You die...

## ## .J#
#.## #J.
#.## #.JJ#
#..###.#..##
#J#.#.......
#@##.*.#
#.##.#.#
#.##.. .c
#*c.... ##
####.### #.#
#.# #.#


You could see a slime creature, a centaur warrior (ally target) and a friendly
fulminant prism.

Vanquished Creatures
  Josephine (D:11)
  A boulder beetle (D:12)
  2 two-headed ogres (D:11)
  3 skeletal warriors (D:12)
  3 cyclopes (D:11)
  Joseph (D:8)
  2 gargoyles (D:12)
  An unseen horror (D:12)
  3 hornets
  2 trolls (D:11)
  7 wraiths
  16 yaks
  A basilisk (D:11)
  8 vampire mosquitoes
  2 water moccasins
  An ice beast (D:6)
  2 sky beasts (D:7)
  A black bear (D:6)
  6 orc warriors
  A necrophage (D:6)
  4 ogres
  12 centaurs
  A phantom (D:5)
  2 gnoll sergeants
  5 bullfrogs
  2 wyvern zombies (D:8)
  3 scorpions
  A water moccasin skeleton (D:6)
  13 killer bees
  5 howler monkeys
  4 centaur zombies
  A centaur skeleton (D:4)
  4 orc priests
  2 gnoll shamans
  3 hounds
  A jelly (D:7)
  3 bullfrog skeletons
  2 iguanas
  10 orc wizards
  A howler monkey zombie (D:10)
  17 gnolls
  5 adders
  An ufetubus (D:7)
  2 adder skeletons (D:4)
  A worm (D:4)
  3 dart slugs
  47 orcs
  7 ball pythons
  4 bats
  7 endoplasms
  3 giant cockroaches (D:1)
  8 goblins
  10 hobgoblins
  8 jackals
  6 kobolds
  A quokka (D:1)
  2 frilled lizards
  3 rats
  3 fulminant prisms
281 creatures vanquished.

Vanquished Creatures (others)
  101 fulminant prisms
  20 plants (D:6)
121 creatures vanquished.

Grand Total: 402 creatures vanquished

Notes
Turn   | Place    | Note
-------+----------+-------------------------------------------
     0 | D:1      | ChaosChampion the Demigod Conjurer began the quest for the
                  | Orb.
     0 | D:1      | Reached XP level 1. HP: 14/14 MP: 5/5
   239 | D:1      | Reached XP level 2. HP: 20/20 MP: 1/7
   383 | D:1      | Reached skill level 4 in Conjurations
   388 | D:1      | Learned a level 2 spell: Searing Ray
   860 | D:1      | Reached XP level 3. HP: 26/26 MP: 0/9
  1641 | D:2      | Reached XP level 4. HP: 33/33 MP: 0/11
  2793 | D:3      | Learned a level 4 spell: Fulminant Prism
  3332 | D:4      | Reached XP level 5. HP: 37/38 MP: 3/13
  3614 | D:4      | Reached skill level 1 in Hexes
  3748 | D:4      | Reached skill level 5 in Conjurations
  4618 | D:5      | Entered Level 5 of the Dungeon
  4641 | D:5      | Reached XP level 6. HP: 38/45 MP: 4/15
  5311 | D:5      | Reached XP level 7. HP: 31/50 MP: 5/17
  5536 | D:5      | Noticed a yak
  5536 | D:5      | Noticed a yak
  5537 | D:5      | Noticed a yak
  5548 | D:5      | Killed a yak
  5549 | D:5      | Reached skill level 6 in Conjurations
  5550 | D:5      | Killed a yak
  5551 | D:5      | Reached skill level 5 in Spellcasting
  5558 | D:5      | Noticed a yak
  5583 | D:5      | Killed a yak
  5974 | D:5      | Reached XP level 8. HP: 54/57 MP: 12/19
  6167 | D:5      | Found Plog's Assorted Antiques.
  6232 | D:5      | Reached skill level 7 in Conjurations
  6236 | D:5      | Reached skill level 5 in Hexes
  6564 | D:5      | Bought a smoking leather armour for 196 gold pieces
  6564 | D:5      | Identified the +1 leather armour of Yxti {Harm rN+} (You
                  | bought it in a shop on level 5 of the Dungeon)
  7562 | D:6      | Reached XP level 9. HP: 62/62 MP: 14/22
  8253 | D:7      | Reached skill level 8 in Conjurations
  9762 | D:7      | Found a staircase to the Ecumenical Temple.
  9978 | D:8      | Noticed Joseph
  9994 | D:8      | Killed Joseph
 10250 | D:7      | Learned a level 4 spell: Olgreb's Toxic Radiance
 10255 | D:7      | Learned a level 4 spell: Iskenderun's Mystic Blast
 10800 | D:8      | Reached XP level 10. HP: 69/69 MP: 22/25
 10837 | D:8      | Found a staircase to the Lair.
 10893 | D:8      | Reached skill level 9 in Conjurations
 11314 | D:9      | Reached skill level 1 in Poison Magic
 11492 | D:9      | Reached skill level 1 in Translocations
 11538 | D:9      | Reached skill level 1 in Fighting
 12062 | D:9      | Found a staircase to the Orcish Mines.
 12469 | D:10     | Entered Level 10 of the Dungeon
 13598 | D:11     | Noticed Josephine
 13604 | D:11     | Killed Josephine
 13613 | D:11     | Reached XP level 11. HP: 74/81 MP: 4/27
 13958 | D:11     | Noticed a two-headed ogre
 13965 | D:11     | Killed a two-headed ogre
 14527 | D:11     | Noticed a two-headed ogre
 14535 | D:11     | Killed a two-headed ogre
 14536 | D:11     | Reached skill level 5 in Poison Magic
 14816 | D:11     | Found Luesuturch's Distillery.
 14822 | D:11     | Bought a potion of degeneration for 13 gold pieces
 14822 | D:11     | Bought a potion of mutation for 104 gold pieces
 14822 | D:11     | Bought a potion of mutation for 104 gold pieces
 14822 | D:11     | Bought a potion of curing for 39 gold pieces
 14822 | D:11     | Gained mutation: You possess an exceptional clarity of
                  | mind. [potion of mutation]
 14822 | D:11     | Gained mutation: You have hidden genetic potential. [potion
                  | of mutation]
 15332 | D:12     | Noticed a boulder beetle
 15339 | D:12     | Reached skill level 10 in Conjurations
 15909 | D:12     | Noticed a +0 hand axe
 15909 | D:12     | Noticed a +0 hand axe
 16209 | D:12     | Noticed a skeletal warrior
 16210 | D:12     | Noticed a skeletal warrior
 16210 | D:12     | Noticed a skeletal warrior
 16226 | D:12     | Killed a skeletal warrior
 16239 | D:12     | Killed a skeletal warrior
 16240 | D:12     | Reached skill level 5 in Dodging
 16290 | D:12     | Killed a skeletal warrior
 16932 | D:12     | Killed a boulder beetle
 17094 | D:13     | Noticed a centaur warrior
 17097 | D:13     | Reached skill level 5 in Fighting
 17102 | D:13     | Slain by a slime creature

Illustrated notes

Levels and vault maps discovered:
D:1:      minmay_arrival_plants_in_alcoves, layout_basic,
          ebering_ecumenical_altar_webs
D:2:      layout_basic
D:3:      layout_loops_ring
D:4:      layout_gridville, nemelex_spade_bored_becter, serial_rivers,
          chequers_serial_rivers_micro_b, chequers_serial_rivers_marsh,
          chequers_serial_rivers_micro_c, chequers_serial_rivers_room_a,
          chequers_serial_rivers_marsh, chequers_serial_rivers_micro_c
D:5:      layout_gridville, serial_shops, nicolae_shop_window_shopping,
          nicolae_figureground_pulse
D:6:      layout_basic, nicolae_grassy_gnolls
D:7:      layout_cave_pools, minmay_temple_entry_mist,
          kennysheep_generic_room_10
D:8:      layout_basic, fedhas_altar_3, minitemple, lair_entry_dummy,
          nrook_loot_triangle, uniq_joseph
D:9:      layout_roguey, david_orc_5
D:10:     layout_irregular_city, grunt_temple_overflow_cloverleaf
D:11:     layout_roguey, serial_aquarium, aquarium_bridge_square
          [aquarium_subvault_window, aquarium_subvault_balcony,
          aquarium_subvault_balcony, aquarium_subvault_bridge],
          aquarium_window_fake, aquarium_window_1, aquarium_window_1,
          aquarium_window_1, aquarium_view_2b, aquarium_pool_split,
          serial_shops, nicolae_shop_trees, xom_teletrap_fun, uniq_josephine
D:12:     layout_gridville, dancing_weapons_uskayaw
D:13:     layout_loops_cross, david_vaults_1, grunt_dithmenos_shadows

Skill      XL: |  1  2  3  4  5  6  7  8  9 10 11 |
---------------+----------------------------------+-----
Spellcasting   | 2 3 4 5 6 7 8 9 |  9.0
Conjurations   | 4 5 6 7 8 9 10 | 10.3
Hexes          | 1 3 4 5 7 8 |  8.9
Poison Magic   | 4 5 |  5.0
Dodging        | 3 5 |  5.2
Translocations | 3 |  3.0
Fighting       | 2 5 |  5.0
Stealth        | |  1.7

Action                   |  1- 3 |  4- 6 |  7- 9 | 10-12 || total
-------------------------+-------+-------+-------+-------++-------
Melee: Unarmed           |     9 |       |       |       ||     9
       Staff             |       |       |       |     5 ||     5
 Cast: Magic Dart        |    85 |    92 |    47 |    18 ||   242
       Searing Ray       |     2 |    13 |    39 |    58 ||   112
       Fulminant Prism   |       |     7 |    57 |    41 ||   105
       Iskenderun's Myst |       |       |     4 |    57 ||    61
       Olgreb's Toxic Ra |       |       |     1 |    14 ||    15
  Use: Potion            |       |       |       |     1 ||     1
Armor: Robe              |     4 |     3 |    14 |    11 ||    32
       Troll leather arm |       |       |       |     2 ||     2
Dodge: Dodged            |    12 |    13 |    52 |    65 ||   142

Table legend: (Time is in decaauts)
 A = Elapsed time spent in this place.
 B = Non-inter-level travel time spent in this place.
 C = Inter-level travel time spent in this place.
 D = Time resting spent in this place.
 E = Time spent auto-exploring this place.
 F = Levels seen in this place.
 G = Mean time per level.
                   A        B        C        D        E       F      G
               +--------+--------+--------+--------+--------+-----+--------+
         Total |  17116 |  16617 |    499 |   3943 |  10627 |  13 | 1316.6 |
       Dungeon |  17116 |  16617 |    499 |   3943 |  10627 |  13 | 1316.6 |
               +--------+--------+--------+--------+--------+-----+--------+

Top non-repeatable levels by time:
     D:5: 2420 daAuts
    D:11: 2208 daAuts
     D:6: 1842 daAuts
     D:1: 1459 daAuts
     D:4: 1370 daAuts
     D:7: 1315 daAuts
    D:12: 1285 daAuts
     D:9: 1225 daAuts
    D:10: 1123 daAuts
     D:8: 1052 daAuts
     D:2: 929 daAuts
     D:3: 862 daAuts
    D:13: 19 daAuts
